 Dungeon Crawl Stone Soup version 0.20.0-15-g7f486f2 (webtiles) character file.

774 Kriby the Cleaver (level 7, -6/64 HPs)
             Began as a Hill Orc Fighter on June 10, 2017.
             Killed from afar by an electric eel (7 damage)
             ... with a bolt of electricity
             ... on level 6 of the Dungeon.
             The game lasted 00:03:16 (4869 turns).

Kriby the Cleaver (Hill Orc Fighter)                Turns: 4869, Time: 00:03:17

Health: -6/64      AC: 11    Str: 21    XL:     7   Next: 84%
Magic:  7/7        EV:  3    Int:  8    God:
Gold:   216        SH:  9    Dex: 10    Spells: 6/6 levels left

rFire    . . .     SeeInvis .   a - +0 war axe
rCold    . . .     Gourm    .   c - +0 shield
rNeg     . . .     Faith    .   k - +0 plate armour
rPois    .         Spirit   .   (no helmet)
rElec    .         Reflect  .   (no cloak)
rCorr    .         Harm     .   (no gloves)
MR       .....                  (no boots)
Stlth    ..........             (no amulet)
Regen    0.2/turn               (no ring)
MPRegen  0.1/turn               (no ring)

@: no status effects
A: no striking features
a: no special abilities


You were on level 6 of the Dungeon.
You were not hungry.

You visited 2 branches of the dungeon, and saw 7 of its levels.

You collected 216 gold pieces.

Inventory:

Hand Weapons
 a - a +0 war axe (weapon)
Armour
 c - a +0 shield (worn)
 k - a +0 plate armour (worn)
Jewellery
 p - an uncursed ring of ice
 x - an uncursed ring of ice
 A - an uncursed ring of resist corrosion {unknown}
 B - a cursed ring of loudness {unknown}
Scrolls
 e - a scroll of identify {unknown}
 i - a scroll of enchant weapon {unknown}
 j - 3 scrolls of remove curse {unknown}
 l - 6 scrolls of teleportation {unknown}
 r - 2 scrolls of immolation {unknown}
 s - 3 scrolls of amnesia {unknown}
 u - a scroll of noise {unknown}
 w - a scroll of random uselessness {unknown}
 y - a scroll of blinking {unknown}
Potions
 b - a potion of curing {unknown}
 d - a potion of might
 g - a potion of agility {unknown}
 h - 3 potions of mutation {unknown}
 n - 3 potions of cancellation {unknown}
 o - a potion of haste {unknown}
 t - a potion of brilliance {unknown}
 v - a potion of heal wounds {unknown}
Comestibles
 f - 2 bread rations
 m - 4 meat rations
 q - 2 royal jellies
 z - a chunk of flesh


   Skills:
 + Level 6.8 Fighting
 * Level 9.4 Axes
 - Level 3.2 Armour
 - Level 3.2 Shields


You had 6 spell levels left.
You didn't know any spells.

Dungeon Overview and Level Annotations

Branches:
Dungeon (6/15)             Temple (1/1) D:5

Altars:
Ashenzari
Cheibriados
Elyvilon
Fedhas
Gozag
Hepliaklqana
Kikubaaqudgha
Nemelex Xobeh
Okawaru
Qazlal
Sif Muna
Trog
Uskayaw
Xom
Yredelemnul
Zin
The Shining One


Message History

You slash the electric eel!
The electric eel is severely wounded.
The electric eel shoots out a bolt of lightning at you!
The bolt of electricity hits you! x2
* * * LOW HITPOINT WARNING * * *
The bolt of electricity hits the electric eel.
The electric eel completely resists.
You barely miss the electric eel.
The electric eel is severely wounded.
You closely miss the electric eel.
The electric eel is severely wounded.
The electric eel shoots out a bolt of lightning at you!
The bolt of electricity hits you!
* * * LOW HITPOINT WARNING * * *
The bolt of electricity hits you!
The bolt of electricity hits the electric eel.
The electric eel completely resists.
The electric eel shoots out a bolt of lightning at you!
The bolt of electricity hits you!
You die...

<.......##.# ##.###.#######.##
#...###)##.# #.≈≈≈≈≈≈≈≈# #.#
...<.... #.# #####≈≈≈≈≈≈≈≈≈≈##.#
.#.####.##.###...≈≈###≈≈#+#≈≈#.#
#..# #..........≈≈# #≈≈# #≈≈#.#
#.# #.##.......≈≈#+#≈≈# #≈≈..#
#.# # #####.#.≈≈≈≈≈≈≈≈≈≈≈≈..# .#
######>##;≈≈≈≈≈≈≈≈≈≈≈.##
.........@≈≈#+#≈≈###≈≈.#
.########.≈≈# ≈ #≈≈.# #.≈≈#
#≈≈.# #..≈≈≈ ≈≈..# ##..≈≈≈≈
≈≈#### ######


You could see an electric eel.

Vanquished Creatures
  A phantom (D:4)
  An ogre (D:5)
  A water moccasin skeleton (D:4)
  2 crimson imps (D:5)
  A centaur zombie (D:6)
  An orc wizard (D:5)
  An iguana (D:5)
  2 worker ants
  A hound skeleton (D:5)
  10 gnolls
  14 adders
  3 oozes (D:2)
  4 worms
  A dart slug (D:1)
  3 leopard geckos
  8 orcs
  8 bats
  2 bat zombies (D:6)
  2 giant cockroaches
  11 goblins
  6 hobgoblins
  6 jackals (D:2)
  A quokka (D:2)
  A ball python (D:3)
  5 frilled lizards
  5 kobolds
  2 leopard gecko skeletons
  4 rats
107 creatures vanquished.

Notes
Turn   | Place    | Note
-------+----------+-------------------------------------------
     0 | D:1      | Kriby the Hill Orc Fighter began the quest for the Orb.
     0 | D:1      | Reached XP level 1. HP: 19/19 MP: 1/1
   121 | D:1      | Reached skill level 3 in Axes
   142 | D:1      | Reached XP level 2. HP: 25/27 MP: 2/2
   500 | D:1      | Reached skill level 4 in Axes
   665 | D:2      | Reached XP level 3. HP: 33/33 MP: 3/3
  1083 | D:2      | Reached XP level 4. HP: 33/41 MP: 4/4
  1094 | D:2      | Reached skill level 5 in Axes
  1236 | D:2      | Found a glowing golden altar of the Shining One.
  1510 | D:2      | Reached XP level 5. HP: 47/47 MP: 5/5
  1571 | D:2      | Reached skill level 5 in Fighting
  1809 | D:2      | Reached skill level 6 in Axes
  2608 | D:4      | Reached XP level 6. HP: 49/56 MP: 6/6
  2670 | D:4      | Noticed a phantom
  2689 | D:4      | Killed a phantom
  2689 | D:4      | Reached skill level 7 in Axes
  2819 | D:4      | Found a shattered altar of Ashenzari.
  3276 | D:4      | Reached skill level 8 in Axes
  3402 | D:5      | Entered Level 5 of the Dungeon
  3418 | D:5      | Reached XP level 7. HP: 63/63 MP: 7/7
  3904 | D:5      | Reached skill level 9 in Axes
  4291 | D:5      | Found a staircase to the Ecumenical Temple.
  4317 | Temple   | Entered the Ecumenical Temple
  4559 | D:6      | Found an ancient bone altar of Kikubaaqudgha.
  4869 | D:6      | HP: 1/64 [electric eel/bolt of electricity (10)]
  4869 | D:6      | Killed from afar by an electric eel

Skill      XL: |  1  2  3  4  5  6  7 |
---------------+----------------------+-----
Axes           | 3 4 5 6 8 9 |  9.4
Fighting       | 4 5 6 |  6.8
Armour         | |  3.2
Shields        | |  3.2

Action                   |  1- 3 |  4- 6 |  7- 9 || total
-------------------------+-------+-------+-------++-------
Melee: War axe           |   124 |   215 |    93 ||   432
  Eat: Chunk             |     1 |     8 |     4 ||    13
Armor: Scale mail        |    19 |       |       ||    19
       Plate armour      |    54 |   144 |    41 ||   239
Dodge: Dodged            |    20 |    36 |     8 ||    64
Block: Shield            |    59 |   110 |    31 ||   200
